 Dungeon Crawl Stone Soup version 0.29.1-4-g47bece8355 (webtiles) character file.

Game seed: 10461867160837065694

1 MajorAdolf the Sneak (level 1, 0/15 HPs)
             Began as a Naga Wanderer on Dec 10, 2022.
             Slain by a goblin
             ... wielding a +0 club
              (3 damage)
             ... on level 1 of the Dungeon.
             The game lasted 00:00:29 (185 turns).

MajorAdolf the Sneak (Naga Wanderer)                 Turns: 185, Time: 00:00:29

Health: 0/15       AC:  2    Str: 12    XL:     1   Next: 20%
Magic:  2/2        EV:  9    Int: 14    God:
Gold:   23         SH:  0    Dex: 10    Spells: 2/2 levels left

rFire   . . .      SeeInvis +   a - +0 club
rCold   . . .      Faith    .   (no shield)
rNeg    . . .      Spirit   .   c - +0 robe
rPois   +          Reflect  .   (no helmet)
rElec   .          Harm     .   (no cloak)
rCorr   .          Rampage  .   d - +0 pair of gloves
Will    .....                   (no barding)
Stlth   ++........              (no amulet)
HPRegen 0.05/turn               (no ring)
MPRegen 0.08/turn               (no ring)

@: short of breath, very slow
A: AC +0, large, see invisible, deformed body, poison resistance, slowness 2,
spit poison 1, naga tail 1
a: Spit Poison


You were on level 1 of the Dungeon.
You visited 1 branch of the dungeon, and saw 1 of its levels.

You collected 23 gold pieces.

Inventory:

Hand Weapons
 a - a +0 club (weapon)
Armour
 c - a +0 robe (worn)
 d - a +0 pair of gloves (worn)
Scrolls
 b - a scroll of vulnerability
 f - a scroll of noise {unknown}
 g - a scroll of identify {unknown}
Potions
 e - a potion of curing {unknown}


   Skills:
 - Level 1.0 Armour
 - Level 4.4 Stealth
 + Level 1.0 Spellcasting
 + Level 0.1 Conjurations
 - Level 3.0 Ice Magic
 + Level 1.0 Earth Magic
 - Level 1.0 Evocations


You had 2 spell levels left.
You didn't know any spells.
Your spell library contained the following spells:

 Spells                   Type           Power      Damage    Failure   Level
 Freeze                   Ice            36%        1d6       8%          1
 Sandblast                Erth           6%         2d5       17%         1
 Frozen Ramparts          Ice            18%        1d3       22%         3
 Stone Arrow              Conj/Erth      4%         3d7       52%         3
 Summon Ice Beast         Ice/Summ       4%         N/A       80%         4


Dungeon Overview and Level Annotations

Branches:
Dungeon (1/15)

Altars:


Innate Abilities, Weirdness & Mutations

Your serpentine skin is tough. (AC +0)
You have supernaturally acute eyesight. (SInv)
Armour fits poorly on your strangely shaped body.
Your system is resistant to poisons. (rPois)
You cover ground very slowly.
You can spit poison.
You have a snake-like lower body.


Message History

You barely miss the ball python.
You have got your breath back.
The ball python bites you.
You hit the ball python but do no damage.
The ball python barely misses you. The ball python closely misses you.
You barely miss the ball python. The ball python bites you.
You hit the ball python.
You kill the ball python!
No target in view!
You start resting.
HP restored.
You now have 11 gold pieces.
You now have 23 gold pieces (gained 12).
f - a scroll labelled URGHU KUAFOHO
g - a scroll labelled CIGUTIN IVAU A goblin comes into view.
It is wielding a +0 club.
The goblin shouts!
A goblin is nearby!
A goblin is nearby!
Aiming: Spit Poison (3% risk of failure)
Press: ? - help, Shift-Dir - straight line, f - goblin
Aim: a goblin, wielding a +0 club (43% to hit)
The splash of poison misses the goblin.
Unknown command.
You have got your breath back.
Aiming: Spit Poison (3% risk of failure)
Press: ? - help, Shift-Dir - straight line, f/p - goblin
Aim: a goblin, wielding a +0 club (43% to hit)
You fail to use your ability.
The goblin hits you with a +0 club.
Unknown command.
The goblin attacks as you move away! The goblin hits you with a +0 club. x2
The goblin closely misses you.
Aiming: Spit Poison (3% risk of failure)
Press: ? - help, Shift-Dir - straight line, f/p - goblin
Aim: a goblin, wielding a +0 club (43% to hit)
The splash of poison misses the goblin.
The goblin hits you with a +0 club.
* * * LOW HITPOINT WARNING * * *
Unknown command.
The goblin attacks as you move away! The goblin hits you with a +0 club.
You die...

##.....# #...####
#.....# # #.#.#.# #. ###
#.###.# #.# .... #.# #
#.# ######..###.# #.#
#..........g# #.#
#.##.#.###.@# #.#
#..#.#.#....####.##
..####..#.#.###........#
#................###.###
........#...######
.######.#......#
......#.#..#####
.####.#.#..# .# #.#..#


You could see a goblin.

Vanquished Creatures
  A ball python (D:1)
  A rat (D:1)
2 creatures vanquished.

Notes
Turn   | Place    | Note
-------+----------+-------------------------------------------
     0 | D:1      | MajorAdolf the Naga Wanderer began the quest for the Orb.
     0 | D:1      | MajorAdolf set off with the following items: a +0 club, a
                  | scroll of vulnerability, a +0 robe, a +0 pair of gloves;
                  | and the following spells available to memorise: Freeze,
                  | Sandblast, Frozen Ramparts, Stone Arrow, Summon Ice Beast.
     0 | D:1      | Reached XP level 1. HP: 15/15 MP: 2/2
   185 | D:1      | Slain by a goblin

Illustrated notes

Levels and vault maps discovered:
D:1:      evilmike_arrival_rings, layout_basic,
          chequers_ecumenical_altar_simple, chequers_serial_rivers_small_3,
          minmay_hedge_maze, chequers_decorated_corner,
          minmay_tree_intersection, minmay_split_cup_small

Action                   || total
-------------------------++-------
Melee: Club              ||     4
 Abil: Spit Poison       ||     3
Dodge: Dodged            ||     5
